 Dungeon Crawl Stone Soup version 0.31.0-12-g77e489cdc1 (webtiles) character file.

Game seed: 6043565060009641866

1564 ChrisAssaf the Ducker (level 9, 0/61 HPs)
             Began as a Djinni Alchemist on Feb 14, 2024.
             Was an Elder of Dithmenos.
             Slain by a wyvern (16 damage)
             ... on level 7 of the Dungeon.
             The game lasted 00:16:31 (3222 turns).

ChrisAssaf the Ducker (Djinni Alchemist)            Turns: 3222, Time: 00:16:31

Health: 0/61       AC:  2    Str:  9    XL:     9   Next: 13%
Gold:   244        EV: 14    Int: 20    God:    Dithmenos [****..] SH:  0 Dex: 16

rFire   + + +        m - +0 glaive (flame)
rCold   x . .        (shield currently unavailable)
rNeg    . . .        a - +0 robe
rPois   ∞            (no helmet)
rElec   .            (no cloak)
rCorr   .            (no gloves)
SInv    .            (boots unavailable)
Will    .....        i - amulet "Pacit" {+Blink rF+ Regen+ Dex+3}
Stlth   ++++         f - +4 ring of slaying
HPRegen 1.10/turn    (no ring)
MPRegen 0.00/turn

%: infuse magic (-1 HP)
@: flying, very slightly contaminated, wreathed by umbra
A: sickness immunity, fire resistance 2, cold vulnerability 1, float, innate
caster, HP casting, extra vitality 1
a: Renounce Religion, Evoke Blink, Shadow Step


You were on level 7 of the Dungeon.
You worshipped Dithmenos.
Dithmenos was greatly pleased with you.
You visited 1 branch of the dungeon, and saw 7 of its levels.
You also visited: Sewer.

You collected 244 gold pieces.

Inventory:

Hand Weapons
 b - a +0 dagger
 j - a +0 dagger of freezing
 m - a +0 glaive of flaming (weapon)
Missiles
 r - 5 boomerangs (quivered)
Armour
 a - a +0 robe (worn)
Jewellery
 f - a +4 ring of slaying (left hand)
 i - the amulet "Pacit" (around neck) {+Blink rF+ Regen+ Dex+3}
   (You acquired it on level 3 of the Dungeon)

   [amulet of regeneration]

   Dex+3:     It affects your dexterity (+3).
   rF+:       It protects you from fire.
   +Blink:    It lets you blink.
   Regen+:    It increases your rate of health regeneration.
Wands
 p - a wand of charming (8)
Scrolls
 e - a scroll of blinking
 k - 2 scrolls of vulnerability
 l - a scroll of teleportation
 o - a scroll of fear
Potions
 c - 2 potions of brilliance
 d - a potion of degeneration
 g - a potion of invisibility
 h - 2 potions of heal wounds
 n - a potion of ambrosia
 q - a potion of resistance {unknown}


   Skills:
 * Level 3.6 Fighting
 * Level 3.3 Short Blades
 * Level 3.1 Polearms
 * Level 1.1 Throwing
 * Level 3.6 Armour
 * Level 4.9 Dodging
 * Level 4.0 Stealth
 * Level 3.9 Spellcasting
 * Level 3.9 Conjurations
 * Level 3.9 Hexes
 * Level 3.9 Summonings
 * Level 3.9 Necromancy
 * Level 3.9 Translocations
 * Level 3.9 Fire Magic
 * Level 3.9 Ice Magic
 * Level 3.9 Air Magic
 * Level 3.9 Earth Magic
 * Level 3.9 Alchemy
 * Level 1.4 Invocations
 * Level 1.4 Evocations


You knew the following spells:

 Your Spells              Type           Power      Damage    Failure   Level
a - Sting                 Conj/Alch      76%        1d7       2%          1
b - Mercury Vapours       Alch/Air       38%        N/A       4%          2
c - Mephitic Cloud        Conj/Alch/Air  19%        N/A       8%          3
d - Olgreb's Toxic Radia  Alch           19%        N/A       26%         4
e - Sticky Flame          Fire/Alch      19%        2d6       26%         4
f - Slow                  Hex            76%        N/A       2%          1
g - Scorch                Fire           38%        2d6       4%          2
h - Tukima's Dance        Hex            19%        N/A       8%          3
i - Hailstorm             Conj/Ice       19%        3d7       8%          3
Your spell library was empty.

Dungeon Overview and Level Annotations

Branches:
Dungeon (8/15)              Sewer (visited)
 Temple: D:4-7         Lair: D:8-11

Altars:
Dithmenos


Innate Abilities, Weirdness & Mutations

You are immune to sickness and miasma.
You are immune to poison.
Your flesh is very heat resistant. (rF++)
You are vulnerable to cold. (rC-)
You float through the air rather than walking.
You learn spells naturally, not from books.
Your magical power is your life essence.
You have superior vitality. (+4 MHP)


Message History

Confirm with . or Enter, or press ? or * to list all spells.
You miscast Olgreb's Toxic Radiance.
You are very lightly contaminated with residual magic.
You are engulfed in toxic fumes.
The gnoll shouts!
The wyvern closely misses you.
Unknown command.
Casting: Olgreb's Toxic Radiance (quite dangerous; 26% risk of failure)
Confirm with . or Enter, or press ? or * to list all spells.
You begin to radiate toxic energy.
The gnoll is poisoned. x2
The centaur is poisoned.
The wyvern is poisoned.
The gnoll looks even sicker.
The centaur looks even sicker.
The wyvern barely misses you.
Unknown command.
The centaur looks even sicker.
The wight attacks as it pursues you! The wight closely misses you.
The wyvern bites you!
The gnoll looks even sicker.
The gnoll is poisoned.
The centaur looks as sick as possible!
Your toxic aura wanes.
The wyvern attacks as it pursues you! The wyvern misses you.
The wight attacks as it pursues you!
The wight hits you from afar with a +0 halberd.
The wyvern bites you!
* * * LOW HITPOINT WARNING * * *
You kill the gnoll!
Dithmenos accepts your kill. The wight attacks as it pursues you!
The wight misses you. The wyvern barely misses you.
The wyvern attacks as it pursues you! The wyvern closely misses you.
There is an escape hatch in the ceiling here.
The gnoll looks more healthy.
The wyvern bites you.
* * * LOW HITPOINT WARNING * * *
The wyvern bites you.
* * * LOW HITPOINT WARNING * * *
A mysterious force pulls you upwards. The hatch slams shut behind you.
Found a scroll of fear and a great mace.
You barely miss the wyvern.
The wyvern is moderately wounded.
The wyvern looks more healthy.
The wyvern closely misses you. The wyvern bites you!
You die...

#...##
#....#
#....#
#...)
#...# #
#...##.##
#.k.....#
#.@....?#
#.......#
#.......#
#.......#
#.......#
#.....###
#.....#
#......


You could see a wyvern.

Vanquished Creatures
  Prince Ribbit (D:5)
  A wyvern (D:8)
  A steam dragon (D:5)
  Edmund (D:5)
  2 ogres
  A centaur (D:8)
  2 bullfrogs (Sewer)
  A scorpion (D:4)
  2 hounds
  An orc priest (D:5)
  A bombardier beetle (D:5)
  A sleepcap (D:5)
  2 iguanas (D:5)
  Ijyb (D:5)
  An orc wizard (D:5)
  Natasha (twice) (D:3)
  8 adders
  4 gnolls
  A white imp (D:5)
  5 dart slugs (Sewer)
  A ribbon worm (D:2)
  11 orcs
  16 endoplasms
  21 giant cockroaches
  4 goblins
  3 hobgoblins
  6 jackals (D:4)
  6 quokkas
  19 ball pythons
  3 bats
  10 frilled lizards
  3 kobolds
  2 rats
144 creatures vanquished.

Notes
Turn   | Place    | Note
-------+----------+-------------------------------------------
     0 | D:1      | ChrisAssaf the Djinni Alchemist began the quest for the
                  | Orb.
     0 | D:1      | ChrisAssaf set off with the following spells memorised:
                  | Sting, Mercury Vapours, Mephitic Cloud, Olgreb's Toxic
                  | Radiance, Sticky Flame.
     0 | D:1      | Reached XP level 1. HP: 15/15 MP: 0/0
    52 | D:1      | You are sucked into a shaft and drop 1 floor!
   334 | D:1      | Reached XP level 2. HP: 18/21 MP: 0/0
   436 | D:2      | Identified the +4 scale mail of Eternity {rC- Regen+ Int+5}
   574 | D:2      | Found a faded altar of an unknown god.
   583 | D:2      | Prayed at the altar of an unknown god.
   583 | D:2      | Became a worshipper of Dithmenos the Shadowed
   583 | D:2      | Reached * piety under Dithmenos
   651 | D:2      | Reached XP level 3. HP: 26/26 MP: 0/0
   651 | D:2      | Learned a level 1 spell: Slow
   799 | D:3      | Identified a scroll of acquirement
   799 | D:3      | Acquired the amulet "Pacit" {+Blink rF+ Regen+ Dex+3}
   910 | D:3      | Noticed Natasha
   924 | D:3      | Killed Natasha
   925 | D:3      | Reached skill level 1 in Fighting
   925 | D:3      | Reached skill level 1 in Short Blades
   925 | D:3      | Reached skill level 1 in Armour
   925 | D:3      | Reached XP level 4. HP: 26/32 MP: 0/0
   946 | D:3      | Noticed Natasha
   961 | D:3      | Killed Natasha
  1041 | D:4      | Reached XP level 5. HP: 37/37 MP: 0/0
  1041 | D:4      | Learned a level 2 spell: Scorch
  1042 | D:4      | Found a glowing drain.
  1049 | D:4      | Reached ** piety under Dithmenos
  1057 | Sewer    | Entered a sewer
  1276 | Sewer    | Reached *** piety under Dithmenos
  1277 | Sewer    | Reached XP level 6. HP: 38/43 MP: 0/0
  1536 | D:4      | Noticed an ogre
  1542 | D:4      | Reached XP level 7. HP: 38/49 MP: 0/0
  1542 | D:4      | Learned a level 3 spell: Tukima's Dance
  2167 | D:5      | Entered Level 5 of the Dungeon
  2242 | D:5      | Reached skill level 1 in Polearms
  2269 | D:5      | Noticed a steam dragon
  2276 | D:5      | Killed a steam dragon
  2277 | D:5      | Reached XP level 8. HP: 47/55 MP: 0/0
  2325 | D:5      | Noticed Prince Ribbit
  2340 | D:5      | Killed Prince Ribbit
  2377 | D:5      | Reached **** piety under Dithmenos
  2434 | D:5      | Noticed Ijyb
  2442 | D:5      | Killed Ijyb
  2758 | D:5      | Noticed Edmund
  2769 | D:5      | Killed Edmund
  2808 | D:5      | Reached skill level 1 in Invocations
  2808 | D:5      | Reached skill level 1 in Evocations
  3119 | D:5      | You are sucked into a shaft and drop 3 floors!
  3139 | D:8      | Noticed a wyvern
  3146 | D:8      | Reached skill level 1 in Throwing
  3146 | D:8      | Reached XP level 9. HP: 53/61 MP: 0/0
  3146 | D:8      | Learned a level 3 spell: Hailstorm
  3222 | D:7      | Slain by a wyvern

Illustrated notes

Levels and vault maps discovered:
D:1:      scummos_arrival_checkerplants, layout_basic,
          dreamdust_mushroom_princess
D:2:      layout_loops_ring, shapermc_ecumenical_altar_gd,
          chequers_serial_rivers_small_a
D:3:      layout_basic, lemuel_crystal_altar, serial_bayou_ford_a,
          mrwooster_statue_mirror, uniq_natasha
D:4:      layout_loops_cross, gup_sewer_entry_pipe
D:5:      layout_loops_corners, serial_glass, glass_columns_a, glass_columns_b,
          glass_columns_a, glass_columns_b, glass_columns_a, glass_columns_a,
          glass_columns_b, glass_columns_b, glass_columns_b, glass_columns_c,
          glass_columns_b, glass_columns_a, glass_columns_a, glass_columns_b,
          corexii_checkpoint, chequers_garden, uniq_ijyb, uniq_edmund,
          uniq_prince_ribbit1
D:7:      layout_gridville, nicolae_yredelemnul_ghost_church, temple_statues
D:8:      layout_basic, grunt_ministairs_8

Skill      XL: |  1  2  3  4  5  6  7  8  9 |
---------------+----------------------------+-----
Stealth        | 2 3 4 |  4.0
Fighting       | 1 2 3 |  3.6
Short Blades   | 1 2 3 |  3.3
Armour         | 1 2 3 |  3.6
Dodging        | 3 4 |  4.9
Polearms       | 1 3 |  3.1
Invocations    | 1 |  1.4
Evocations     | 1 |  1.4
Throwing       | 1 |  1.1
Spellcasting   | |  3.9
Conjurations   | |  3.9
Hexes          | |  3.9
Summonings     | |  3.9
Necromancy     | |  3.9
Translocations | |  3.9
Fire Magic     | |  3.9
Ice Magic      | |  3.9
Air Magic      | |  3.9
Earth Magic    | |  3.9
Alchemy        | |  3.9

Action                     |  1- 3 |  4- 6 |  7- 9 || total
---------------------------+-------+-------+-------++-------
  Melee: Dagger            |    44 |    47 |       ||    91
         Glaive            |       |     7 |    69 ||    76
  Throw: Boomerang         |       |       |     2 ||     2
   Cast: Sting             |    18 |     1 |     1 ||    20
         Mercury Vapours   |    10 |     3 |    15 ||    28
         Olgreb's Toxic Ra |       |    14 |    11 ||    25
         Mephitic Cloud    |       |     1 |     2 ||     3
         Tukima's Dance    |       |       |     4 ||     4
         Scorch            |       |       |     6 ||     6
         Hailstorm         |       |       |     1 ||     1
    Use: Scroll            |     4 |     3 |     2 ||     9
   Stab: Sleeping          |     3 |     6 |     7 ||    16
 Armour: Robe              |    15 |    31 |    58 ||   104
         Scale mail        |    27 |       |       ||    27
  Dodge: Dodged            |    35 |    61 |    73 ||   169
